 Dungeon Crawl Stone Soup version 0.27-a0-334-g52645efa06 (webtiles) character file.

Game seed: 17997492840330704546

105 ismpop the Skirmisher (level 4, -7/37 HPs)
             Began as a Demonspawn Berserker on Feb 13, 2021.
             Was a Believer of Trog.
             Mangled by a gnoll
             ... wielding a +1 halberd of freezing
              (10 damage)
             ... on level 2 of the Dungeon.
             The game lasted 00:04:23 (1661 turns).

ismpop the Skirmisher (Demonspawn Berserker)        Turns: 1661, Time: 00:04:24

Health: -7/37      AC:  8    Str: 18    XL:     4   Next: 53%
Magic:  4/4        EV: 11    Int:  8    God:    Trog [**....]
Gold:   160        SH:  0    Dex: 13    Spells: 3/3 levels left

rFire    . . .     SeeInvis .   a - +0 mace
rCold    + . .     Faith    .   (no shield)
rNeg     . . .     Spirit   .   c - +0 ring mail
rPois    .         Reflect  .   (no helmet)
rElec    .         Harm     .   (no cloak)
rCorr    .         Rampage  .   (no gloves)
Will     .....                  (no boots)
Stlth    +.........             (no amulet)
HPRegen  0.12/turn              e - ring of protection from cold
MPRegen  0.09/turn              (no ring)

@: berserk cooldown, slowed, very slow
A: icy blue scales 2
a: Renounce Religion, Berserk, Trog's Hand


You were on level 2 of the Dungeon.
You worshipped Trog.
Trog was pleased with you.
You visited 1 branch of the dungeon, and saw 2 of its levels.

You collected 160 gold pieces.

Inventory:

Hand Weapons
 a - a +0 mace (weapon)
 h - a +0 hand axe of venom
Armour
 c - a +0 ring mail (worn)
Jewellery
 e - a ring of protection from cold (left hand)
Scrolls
 i - a scroll of blinking {unknown}
 m - a scroll of amnesia {unknown}
Potions
 b - a potion of flight {unknown}
 f - a potion of magic
 g - 2 potions of lignification
 j - a potion of mutation {unknown}
 k - a potion of haste {unknown}
 l - 2 potions of curing


   Skills:
 + Level 3.7 Fighting
 + Level 3.3 Maces & Flails
 + Level 2.6 Armour
 + Level 2.6 Dodging


You had 3 spell levels left.
You didn't know any spells.
Your spell library was empty.

Dungeon Overview and Level Annotations

Branches:
Dungeon (2/15)

Altars:


Innate Abilities, Weirdness & Mutations

You are mostly covered in icy blue scales. (AC +3)


Message History

You feel a strong urge to attack something.
You feel the effects of Trog's Hand fading.
You closely miss the gnoll.
The gnoll hits you with a +1 halberd of freezing.
The gnoll freezes you.
You barely miss the gnoll. The gnoll hits you.
You barely miss the gnoll.
The gnoll hits you with a +1 halberd of freezing.
The gnoll hits you but does no damage.
You sock the gnoll!
You kill the gnoll!
Trog accepts your kill. The gnoll closely misses you.
Things that are here:
8 gold pieces; a gnoll corpse You feel a strong urge to attack something.
You are no longer berserk.
You are exhausted.
You feel yourself slow down. The gnoll barely misses you.
Your skin stops crawling.
You feel less strong-willed. The gnoll barely misses you.
Things that are here:
8 gold pieces; a gnoll corpse The gnoll closely misses you.
You closely miss the gnoll. The gnoll closely misses you.
The gnoll hits you with a +1 halberd of freezing.
You barely miss the gnoll.
The gnoll hits you with a +1 halberd of freezing.
You sock the gnoll!
The gnoll is heavily wounded.
The gnoll closely misses you.
The gnoll hits you with a +1 halberd of freezing!
* * * LOW HITPOINT WARNING * * *
You barely miss the gnoll.
The gnoll is heavily wounded.
The gnoll barely misses you.
You barely miss the gnoll.
The gnoll is heavily wounded.
The gnoll hits you with a +1 halberd of freezing!
You die...

........#.##.#......#
..........##.....<..#
.######.######......#
#..................+
#.####.######......# .
.g.####.######......####
....g.g...................
#....####g#######.########
#....$@# #..†.# #....
#.####)# #....# #.### #.#
#....# #.... #.# #....#
#...# ..# #....# #....
#### #....# #....
###.####.... #.#.......
#######.†.......


You could see a gnoll.

Vanquished Creatures
  3 gnolls (D:2)
  2 adders (D:2)
  2 oozes
  3 dart slugs
  3 leopard geckos
  9 bats
  3 giant cockroaches (D:2)
  3 goblins
  2 hobgoblins (D:1)
  3 jackals (D:2)
  3 kobolds
  2 frilled lizards (D:1)
  7 rats
45 creatures vanquished.

Vanquished Creatures (others)
  2 plants (D:1)
2 creatures vanquished.

Grand Total: 47 creatures vanquished

Notes
Turn   | Place    | Note
-------+----------+-------------------------------------------
     0 | D:1      | ismpop the Demonspawn Berserker began the quest for the
                  | Orb.
     0 | D:1      | Reached XP level 1. HP: 18/18 MP: 1/1
   267 | D:1      | Gained mutation: You are partially covered in icy blue
                  | scales. (AC +2) [demonic ancestry]
   267 | D:1      | Reached XP level 2. HP: 21/24 MP: 2/2
  1014 | D:1      | Gained mutation: You are mostly covered in icy blue scales.
                  | (AC +3) [demonic ancestry]
  1014 | D:1      | Reached XP level 3. HP: 29/29 MP: 3/3
  1262 | D:2      | Reached ** piety under Trog
  1465 | D:2      | Reached XP level 4. HP: 29/35 MP: 4/4
  1661 | D:2      | Mangled by a gnoll

Illustrated notes

Levels and vault maps discovered:
D:1:      amcnicky_arrival_wind_blow, layout_basic, serial_forest,
          infiniplex_forest_lined_2, infiniplex_forest_lined_4_way,
          infiniplex_forest_join, infiniplex_forest_lined_4_way,
          infiniplex_forest_clump_large, infiniplex_forest_straight_1,
          infiniplex_forest_clump_double, wander_ebering_terrifying_dragon_lair
D:2:      layout_basic

Skill      XL: |  1  2 |
---------------+-------+-----
Armour         | 2 |  2.6
Dodging        | 2 |  2.6
Maces & Flails | 3 |  3.3
Fighting       | |  3.7

Action                   |  1- 3 |  4- 6 || total
-------------------------+-------+-------++-------
Melee: Mace              |   111 |    25 ||   136
Invok: Berserk           |       |     1 ||     1
       Trog's Hand       |       |     1 ||     1
  Use: Scroll            |     6 |       ||     6
Armor: Ring mail         |    94 |     8 ||   102
Dodge: Dodged            |   130 |    16 ||   146

Table legend: (Time is in decaauts)
 A = Elapsed time spent in this place.
 B = Non-inter-level travel time spent in this place.
 C = Inter-level travel time spent in this place.
 D = Time resting spent in this place.
 E = Time spent auto-exploring this place.
 F = Levels seen in this place.
 G = Mean time per level.
                   A        B        C        D        E       F      G
               +--------+--------+--------+--------+--------+-----+--------+
         Total |   1691 |   1672 |     19 |      0 |   1078 |   2 |  845.5 |
       Dungeon |   1691 |   1672 |     19 |      0 |   1078 |   2 |  845.5 |
               +--------+--------+--------+--------+--------+-----+--------+

Top non-repeatable levels by time:
     D:1: 1213 daAuts
     D:2: 478 daAuts
